AoeStats
← Witch

Nomad

507575490Analyzed
3v3 RM · 15d ago on Sep 18, 2026· 77m 51s· 6 players
Game mode
Random Map
Map size
210×210
Population
200
Speed
Normal
Resources
Standard
Victory
Conquest
Starting age
Dark Age
Ending age
Imperial Age
RankedLock teamsTeams togetherTeam positionsShared explorationLock speedFull tech treeHidden civsTurbo modeCheats
Victory
Defeat
🇪🇸 Sicilians · Spain
758
+12
🇪🇸 Vietnamese · Spain
635
+17
🇬🇷 Bohemians · Greece
604
+17
🇹🇷 Huns · Türkiye
667
-16
🇹🇷 Khmer · Türkiye
645
-15
🇮🇹 Romans · Italy
636
-15
iaba
4:11 Loom
15:34 Feudal Age
21:12 Gold Mining
23:42 Castle Age
21:33 Fishing Lines
21:57 Double-Bit Axe
26:16 Demolition Ship
27:07 Medium Warships
26:49 Gillnets
31:49 Imperial Age
31:12 Bow Saw
31:47 Man-at-Arms
32:29 Squires
34:00 Capped Ram
36:23 Forging
36:13 Scale Mail Armor
37:12 Wheelbarrow
37:19 Ballistics
37:20 Pikeman
42:06 Chemistry
42:20 Ballistas
44:27 Long Swordsman
46:02 Caravan
49:34 Heavy Scorpion
52:49 Iron Casting
Witch
7:22 Loom
18:01 Feudal Age
19:35 Wheelbarrow
19:23 Double-Bit Axe
19:56 Gold Mining
19:58 Stone Mining
22:24 Horse Collar
24:41 Fishing Lines
30:38 Castle Age
32:26 Bow Saw
32:36 Caravan
33:03 Hand Cart
33:39 Gold Shaft Mining
39:50 Imperial Age
38:08 Husbandry
38:19 Bloodlines
37:30 Light Cavalry
39:05 Heavy Plow
40:24 Scale Barding Armor
40:33 Masonry
40:19 Murder Holes
40:27 Scale Mail Armor
40:38 Forging
41:52 Chain Barding Armor
42:19 Cavalier
43:16 Guilds
43:53 Hussar
47:11 Plate Barding Armor
47:04 Conscription
46:53 Marauders
47:13 Paladin
49:07 Iron Casting
48:50 Chain Mail Armor
48:00 Pikeman
51:17 Two-Man Saw
56:52 Blast Furnace
Hellim
5:55 Loom
14:52 Feudal Age
16:41 Wheelbarrow
18:14 Double-Bit Axe
18:20 Fishing Lines
19:28 Horse Collar
22:09 Gold Mining
26:44 Castle Age
24:53 Stone Mining
28:00 Hand Cart
27:59 Bow Saw
27:54 Heavy Plow
28:53 Gold Shaft Mining
28:55 Stone Shaft Mining
28:14 Gillnets
33:50 Fortified Wall
34:04 Ballistics
34:42 Murder Holes
35:01 Masonry
34:51 Town Watch
35:47 Caravan
37:47 Bloodlines
37:38 Husbandry
39:10 Coinage
43:01 Imperial Age
43:05 Tusk Swords
44:12 Conscription
44:11 Double Crossbow
43:34 Elite Ballista Elephant
46:13 Chemistry
45:44 Architecture
46:29 Elite Cannon Galleon
47:55 Town Patrol
50:39 Forging
50:30 Scale Mail Armor
50:35 Scale Barding Armor
50:21 Fletching
50:31 Padded Archer Armor
50:43 Siege Engineers
53:06 Elite Battle Elephant
55:40 Iron Casting
55:25 Chain Barding Armor
55:21 Chain Mail Armor
55:01 Bodkin Arrow
55:22 Leather Archer Armor
59:24 Pikeman
RicoTico
15:44 Loom
17:42 Feudal Age
18:50 Fishing Lines
19:14 Double-Bit Axe
19:10 Horse Collar
24:13 Wheelbarrow
29:17 Castle Age
29:24 Gold Mining
29:25 Stone Mining
30:35 Gillnets
31:41 Hand Cart
31:48 Bow Saw
31:39 Heavy Plow
31:07 Elite Skirmisher
31:52 Thumb Ring
32:52 Town Watch
36:24 Imperial Age
36:19 Town Patrol
36:55 Murder Holes
37:06 Padded Archer Armor
36:56 Fletching
39:14 Imperial Skirmisher
43:01 Paper Money
45:18 Chemistry
44:40 Ballistics
46:04 Hoardings
45:15 Treadmill Crane
45:52 Leather Archer Armor
45:32 Bodkin Arrow
45:45 Caravan
49:05 Two-Man Saw
48:38 Crop Rotation
48:45 Stone Shaft Mining
48:18 Siege Engineers
48:29 Chatras
47:51 Elite Battle Elephant
48:39 Husbandry
48:49 Bloodlines
51:35 Scale Barding Armor
51:30 Bracer
51:31 Scale Mail Armor
51:41 Forging
52:04 Ring Archer Armor
56:07 Chain Barding Armor
56:22 Iron Casting
61:43 Elite Fire Lancer
62:28 Scale Mail Armor
63:18 Squires
67:36 Arson
Tribamell
6:51 Loom
14:49 Feudal Age
17:05 Double-Bit Axe
22:17 Castle Age
20:47 Stone Mining
20:50 Gold Mining
21:02 Scale Mail Armor
21:12 Forging
22:54 Horse Collar
25:11 Fletching
26:01 Bow Saw
26:00 Heavy Plow
27:18 Gold Shaft Mining
30:30 Wheelbarrow
31:08 Iron Casting
30:48 Chain Mail Armor
32:08 Town Watch
33:43 Town Patrol
33:59 Hand Cart
34:56 Stone Shaft Mining
34:38 Bodkin Arrow
34:59 Chain Mail Armor
38:16 Coinage
40:43 Imperial Age
41:22 First Crusade
41:51 Conscription
40:58 Elite Serjeant
42:10 Plate Mail Armor
42:40 Blast Furnace
41:05 Pikeman
42:35 Ballistics
43:03 Bracer
45:42 Chemistry
44:28 Arrowslits
44:39 Murder Holes
44:55 Masonry
45:16 Guilds
45:43 Halberdier
52:31 Capped Ram
savvas1987
21:47 Feudal Age
26:31 Castle Age
35:42 Imperial Age
37:39 Chemistry
44:00 Redemption
67:50 Elite Hussite Wagon
Connection lost

Rejoining the realm…

Still unreachable

The connection could not be restored.

Session expired

The server has moved on; the page needs a fresh start.